 Dungeon Crawl Stone Soup version 0.23-a0-446-g036aa52d93 (webtiles) character file.

18 Flugkiller the Sneak (level 2, 0/19 HPs)
             Began as a Vampire Wizard on Nov 18, 2018.
             Succumbed to an adder's poison
             ... on level 1 of the Dungeon.
             The game lasted 00:01:43 (1161 turns).

Flugkiller the Sneak (Vampire Wizard)               Turns: 1161, Time: 00:01:43

Health: 0/19       AC:  5    Str: 11    XL:     2   Next: 48%
Magic:  3/6        EV: 18    Int: 20    God:
Gold:   38         SH:  0    Dex: 17    Spells: 6/7 levels left

rFire    . . .     SeeInvis +   g - +0 dagger
rCold    . . .     Gourm    .   (no shield)
rNeg     + . .     Faith    .   a - +0 robe
rPois    .         Spirit   .   j - +2 helmet
rElec    .         Reflect  .   (no cloak)
rCorr    .         Harm     .   (no gloves)
MR       .....                  (no boots)
Stlth    +++.......             (no amulet)
HPRegen  0.06/turn              f - ring of flight
MPRegen  0.10/turn              i - ring of wizardry

@: mighty, agile, lethally poisoned (0 -> -3), berserk cooldown, slowed, very
slow
A: fangs 3, see invisible, unbreathing
a: Evoke Flight


You were on level 1 of the Dungeon.
You were not thirsty.

You visited 1 branch of the dungeon, and saw 2 of its levels.

You collected 38 gold pieces.

Inventory:

Hand Weapons
 g - a +0 dagger (weapon)
   (You found it on level 1 of the Dungeon)
Armour
 a - a +0 robe (worn)
 b - a +0 hat
 j - a +2 helmet (worn)
   (You found it on level 1 of the Dungeon)
Jewellery
 f - a ring of flight (left hand)
   (You found it on level 1 of the Dungeon)
 i - a ring of wizardry (right hand)
   (You found it on level 1 of the Dungeon)
 k - an uncursed amulet of regeneration {unknown}
   (You found it on level 1 of the Dungeon)
Scrolls
 c - a scroll of identify
Potions
 q - 3 potions of blood


   Skills:
 - Level 2.1 Dodging
 - Level 3.0 Stealth
 - Level 3.0 Spellcasting
 + Level 1.9 Conjurations
   Level 1.0 Summonings
   Level 0.7 Translocations


You had 6 spell levels left.
You knew the following spells:

 Your Spells              Type           Power        Failure   Level  Hunger
a - Magic Dart            Conj           ##..         2%          1    None

Your spell library contained the following spells:

 Spells                   Type           Power        Failure   Level  Hunger
 Blink                    Tloc           N/A          6%          2    ##.....
 Call Imp                 Summ           #.......     6%          2    ##.....
 Slow                     Hex            #.......     9%          2    ##.....
 Conjure Flame            Conj/Fire      #.......     12%         3    ###....
 Mephitic Cloud           Conj/Pois/Air  #.......     13%         3    ###....


Dungeon Overview and Level Annotations

Branches:
Dungeon (2/15)

Altars:


Innate Abilities, Weirdness & Mutations

You have razor-sharp teeth.
You have supernaturally acute eyesight. (SInv)
You can survive without breathing.


Message History

You are poisoned.
The adder poisons you!
You climb upwards.
You feel sick.
There is a stone staircase leading down here.
Unknown command.
You aren't carrying any items that you can evoke.
Unknown command.
Yummy - fresh blood!
The adder bites you.
* * * LOW HITPOINT WARNING * * *
The adder barely misses you.
As you read the scroll labeled WIFIZ METIHA, it crumbles to dust.
It is a scroll of identify.
l - a potion of agility
* * * LOW HITPOINT WARNING * * *
You feel sick. The adder bites you but does no damage.
You feel agile all of a sudden. The adder completely misses you.
Unknown command.
It was a potion of might.
You feel very mighty all of a sudden. The adder misses you.
Unknown command.
Okay, then.
You miss the adder.
The adder is heavily wounded.
The adder bites you but does no damage. The adder misses you.
Unknown command.
You miss the adder.
The adder is heavily wounded.
* * * LOW HITPOINT WARNING * * *
You feel sick. The adder bites you but does no damage.
You hit the adder.
The adder is severely wounded.
The adder closely misses you.
You puncture the adder!
You kill the adder!
Unknown command.
It was a potion of berserk rage.
A red film seems to cover your vision as you go berserk!
You feel yourself moving faster!
You feel mighty!
Unknown command.
There is a lethal amount of poison in your body!
You feel a strong urge to attack something.
* * * LOW HITPOINT WARNING * * *
You feel sick.
You feel your anger nearly subside.
You are no longer berserk.
You are exhausted.
You feel yourself slow down.
You die...

########################
#.............%.........
#>.....@................
#######.....#######.####
#.###.###.....#
##'###.#.......####
#......#.#....#....
#..................
#.....##.######....
#######.....##.##########
#.....'.....##[#.......#


There were no monsters in sight!

Vanquished Creatures
  An adder (D:1)
  2 bats (D:1)
  2 giant cockroaches (D:1)
  A hobgoblin (D:1)
  2 frilled lizards (D:1)
  2 rats (D:1)
10 creatures vanquished.

Notes
Turn   | Place    | Note
-------+----------+-------------------------------------------
     0 | D:1      | Flugkiller the Vampire Wizard began the quest for the Orb.
     0 | D:1      | Reached XP level 1. HP: 13/13 MP: 4/4
   147 | D:1      | Reached skill level 1 in Conjurations
   694 | D:1      | Reached XP level 2. HP: 19/19 MP: 0/6
  1156 | D:1      | HP: 1/28 [poisoned by an adder]
  1161 | D:1      | Succumbed to an adder's poison

Vault maps used:
D:1:      wander_arrival_fairy_ring
D:2:      nicolae_overflow_crystal_walls, tgw_kikubaaqudgha,
          uniq_crazy_yiuf_cottage, uniq_jessica, uniq_natasha

Skill      XL: |  1 |
---------------+----+-----
Conjurations   | 1 |  1.9
Dodging        | |  2.1
Stealth        | |  3.0
Spellcasting   | |  3.0
Summonings     | |  1.0
Translocations | |  0.7

Action                   || total
-------------------------++-------
Melee: Dagger            ||    21
 Cast: Magic Dart        ||    26
  Use: Potion            ||     5
       Scroll            ||     1
Armor: Robe              ||    10
Dodge: Dodged            ||    25

Table legend:
 A = Non-vault XP
 B = Vault XP
 C = Vault XP percentage of total XP
 D = Non-vault monster count
 E = Vault monster count
 F = Vault count percentage of total count
                 A         B        C        D         E       F
            +---------+---------+-------+---------+---------+-------
      Total |      26 |       0 |   0.0 |      10 |       0 |   0.0
            +---------+---------+-------+---------+---------+-------
        D:1 |      26 |       0 |   0.0 |      10 |       0 |   0.0
            +---------+---------+-------+---------+---------+-------
